 Dungeon Crawl Stone Soup version 0.17.1-1-g73c8601 (webtiles) character file.

230 JustSomeDude the Insei (level 5, -4/41 HPs)
             Began as a Demonspawn Monk on Dec 31, 2015.
             Slain by a worker ant (6 damage)
             ... on level 3 of the Dungeon.
             The game lasted 00:08:52 (3434 turns).

JustSomeDude the Insei (Demonspawn Monk)            Turns: 3434, Time: 00:08:52

Health: -4/41      AC: 12    Str: 11    XL:     5   Next: 72%
Magic:  5/5        EV:  6    Int: 12    God:
Gold:   156        SH:  2    Dex: 16    Spells: 0 memorised, 4 levels left

rFire  . . .     SeeInvis .       - Unarmed
rCold  + . .     Clarity  .     c - +0 chain mail
rNeg   . . .     SustAt   .     (no shield)
rPois  .         Gourm    .     (no helmet)
rElec  .         Spirit   .     (no cloak)
rCorr  .         Warding  .     t - +0 pair of gloves
rMut   .         Stasis   .     s - +0 pair of boots
MR     .....                    (no amulet)
Stlth  ..........               (no ring)
                                (no ring)

@: lethally poisoned (-4 -> -14), not resistant to hostile enchantments,
extremely unstealthy
A: hooves 1, large bone plates 1, cold resistance 1
a: no special abilities


You were on level 3 of the Dungeon.
You were very full.

You visited 1 branch of the dungeon, and saw 4 of its levels.

You collected 156 gold pieces.

Inventory:

Armour
 a - a +0 robe
 c - a +0 chain mail (worn)
 s - a +0 pair of boots (worn)
 t - a +0 pair of gloves (worn)
Scrolls
 h - 4 scrolls of identify
 p - a scroll of remove curse
Potions
 g - a potion of haste
 k - a potion of brilliance
Comestibles
 b - 4 bread rations
 d - 2 meat rations
 j - 5 fruits
 m - 2 beef jerkies


   Skills:
 + Level 3.5 Fighting
 + Level 1.9 Armour
 + Level 3.2 Dodging
 + Level 2.2 Stealth
 + Level 5.2 Unarmed Combat


You had 4 spell levels left.
You didn't know any spells.

Dungeon Overview and Level Annotations

Branches:
Dungeon (4/15)             Temple (0/1) D:4

Altars:


Innate Abilities, Weirdness & Mutations

You have large cloven feet.
You are partially covered in large bone plates (AC +2, SH +2).
Your flesh is cold resistant.


Message History

You hit the worker ant.
The worker ant is moderately wounded.
* * * LOW HITPOINT WARNING * * *
You feel sick.
The worker ant bites you but does no damage.
The orc priest hits you but does no damage.
The ooze hits you but does no damage.
You barely miss the worker ant.
The worker ant is moderately wounded.
* * * LOW HITPOINT WARNING * * *
You feel sick.
The worker ant waves its antennae.
The worker ant bites you but does no damage.
The orc priest miscasts a cantrip.
The ooze barely misses you.
You closely miss the worker ant.
The worker ant is moderately wounded.
* * * LOW HITPOINT WARNING * * *
You feel sick. The worker ant bites you.
You die...

##.##.#...#.######.##.# #.......
#.#..##.##.....##.##.####.######
##.#..#####.###.##..........#
#.....#####.###.#####.####..#
.................(# #.####..#
#..........####.#.# #.......#
##.....###.# #.#.# ######..#
.......# #.# #.#o## #......#####
.......###.# ##a@J.#
#.###....... .#....<....#
#.()..# #.# #.######
.#....#...## #.(...# #.# #.#
>#.#.##...# #.†#### #.# #.#
#.........####..# #.# #.#
#..#......)÷.).)######.###.#
...........................#
...####..#####.#######.#####
#.### #..#####.# ##.###


You could see a worker ant (inner flame), an orc priest (inner flame) and an
ooze (inner flame).

Vanquished Creatures
  A scorpion (D:4)
  2 hounds (D:3)
  An orc wizard (D:4)
  A hound skeleton (D:4)
  A gnoll (D:3)
  2 adders
  An ooze (D:1)
  2 worms (D:3)
  A giant gecko (D:3)
  5 orcs
  3 giant cockroaches
  5 goblins
  4 hobgoblins
  A quokka (D:4)
  4 bats
  A giant gecko skeleton (D:3)
  4 giant newts
  5 kobolds
  9 rats
53 creatures vanquished.

Notes
Turn   | Place    | Note
--------------------------------------------------------------
     0 | D:1      | JustSomeDude the Demonspawn Monk began the quest for the Orb.
     0 | D:1      | Reached XP level 1. HP: 18/18 MP: 1/1
   218 | D:1      | Gained mutation: You are partially covered in large bone plates (AC +2, SH +2). [demonic ancestry]
   218 | D:1      | Reached XP level 2. HP: 10/24 MP: 2/2
   612 | D:1      | Reached skill level 4 in Unarmed Combat
   921 | D:2      | Reached XP level 3. HP: 15/29 MP: 3/3
  1907 | D:3      | Reached skill level 1 in Armour
  1907 | D:3      | Gained mutation: You have large cloven feet. [demonic ancestry]
  1907 | D:3      | Reached XP level 4. HP: 22/35 MP: 4/4
  2438 | D:4      | Gained mutation: Your flesh is cold resistant. [demonic ancestry]
  2438 | D:4      | Reached XP level 5. HP: 28/41 MP: 5/5
  2810 | D:4      | Reached skill level 5 in Unarmed Combat
  2827 | D:4      | Found a staircase to the Ecumenical Temple.
  3434 | D:3      | HP: 2/41 [poisoned by a worker ant]
  3434 | D:3      | Slain by a worker ant

Action                   |  1- 3 |  4- 6 || total
-------------------------+-------+-------++-------
Melee: Unarmed           |   141 |   127 ||   268
  Use: Scroll            |    10 |     2 ||    12
       Potion            |       |     5 ||     5
  Eat: Chunk             |     3 |     3 ||     6
       Meat ration       |       |     2 ||     2
